 Seeded DCSS version 0.30-a0-965-g42e074c17a (webtiles) character file.

Game seed: 13137397067068997422 (custom seed)

162 mistaj the Trooper (level 5, -4/42 HPs)
             Began as a Demonspawn Fighter on Mar 30, 2023.
             Slain by an ogre
             ... wielding a +0 giant club
              (10 damage)
             ... on level 4 of the Dungeon.
             The game lasted 00:03:40 (2321 turns).

mistaj the Trooper (Demonspawn Fighter)             Turns: 2321, Time: 00:03:41

Health: -4/42      AC:  8    Str: 19    XL:     5   Next: 19%
Magic:  5/5        EV:  9    Int:  9    God:
Gold:   148        SH:  0    Dex: 12    Spells: 4/4 levels left

rFire   . . .      SeeInvis +    e - +1 lajatang (vamp)
rCold   . . .      Faith    .    (shield currently unavailable)
rNeg    . . .      Spirit   .    b - +0 scale mail
rPois   .          Reflect  .    k - +0 helmet {SInv}
rElec   .          Rampage  .    (no cloak)
rCorr   .                        (no gloves)
Will    .....                    a - +0 pair of boots Stlth
                                 (no amulet)
HPRegen 0.27/turn                (no ring)
MPRegen 0.18/turn                (no ring)

@: no status effects
A: magic regeneration, demonic magic 1
a: no special abilities


You were on level 4 of the Dungeon.
You visited 1 branch of the dungeon, and saw 4 of its levels.

You collected 148 gold pieces.

Inventory:

Hand Weapons
 e - a +1 vampiric lajatang (weapon)
Armour
 a - a +0 pair of boots (worn)
 b - a +0 scale mail (worn)
 k - a +0 helmet of see invisible (worn)
Jewellery
 n - an amulet of reflection
Scrolls
 g - 6 scrolls of identify {unknown}
 i - a scroll of vulnerability {unknown}
 j - a scroll of teleportation {unknown}
 l - 2 scrolls of magic mapping {unknown}
 m - a scroll of poison {unknown}
Potions
 c - 4 potions of curing {unknown}
 d - 2 potions of might
 f - 2 potions of mutation {unknown}
 h - a potion of cancellation {unknown}


   Skills:
 + Level 4.1 Fighting
 - Level 1.8 Axes
 * Level 3.5 Staves
 - Level 2.6 Armour
 - Level 2.7 Shields


You had 4 spell levels left.
You didn't know any spells.
Your spell library contained the following spells:

 Spells                   Type           Power      Damage    Failure   Level
 Freeze                   Ice            0%         1d3       77%         1
 Frozen Ramparts          Ice            0%         1d1       98%         3
 Hailstorm                Conj/Ice       0%         3d3       98%         3
 Yara's Violent Unravell  Hex/Tmut       0%         3d3       100%        5
 Enfeeble                 Hex            0%         N/A       100%        7


Dungeon Overview and Level Annotations

Branches:
Dungeon (4/15)
 Temple: D:4-7

Altars:
Ashenzari
Wu Jian


Innate Abilities, Weirdness & Mutations

You regenerate magic rapidly.
Spells you cast may paralyse adjacent enemies.


Message History

You climb upwards.
There is a stone staircase leading down here.
You climb downwards.
There is a stone staircase leading up here.
Done exploring.
Done exploring.
There is an open door here.
There is a stone staircase leading down here.
You climb downwards.
There is a stone staircase leading up here.
c - 4 lumpy silvery potions (gained 1)
You now have 140 gold pieces (gained 6).
Found a spear.
No target in view!
Found a stone staircase leading down.
You now have 148 gold pieces (gained 8).
An ogre comes into view. It is wielding a +0 giant club.
The ogre shouts!
The ogre moves out of view.
Found 5 stones.
An ogre is nearby!
The ogre closely misses you.
You hit the ogre.
The ogre is lightly wounded.
You barely miss the ogre.
The ogre is lightly wounded.
The ogre hits you with a +0 giant club!!
You slice the ogre!!
You feel better.
The ogre is almost dead.
The ogre hits you with a +0 giant club!!
Ouch! That really hurt!
* * * LOW HITPOINT WARNING * * *
You are too injured to fight recklessly!
You are too injured to fight recklessly!
You are too injured to fight recklessly!
You are too injured to fight recklessly!
You barely miss the ogre.
The ogre is almost dead.
The ogre hits you with a +0 giant club!
You die...

..............########
............###.###
..................#
..........#.....#.#
P....#P...#######.#
#..P...#..##### .#
#......#......# .#
#..)...#..###.# .#
#.....O@..# .#
P..P...#..# .#
#PP....#..#
###.P#P#.>..
..........## ....
....... ... .####..##
... . (.#


You could see an ogre.

Vanquished Creatures
  Terence (D:3)
  An orc wizard (D:3)
  3 adders
  2 worms
  3 dart slugs
  7 orcs (D:3)
  6 bats
  5 endoplasms
  6 giant cockroaches
  5 goblins
  6 hobgoblins
  10 kobolds
  A quokka (D:1)
  5 ball pythons
  A frilled lizard (D:2)
  3 rats (D:2)
65 creatures vanquished.

Vanquished Creatures (others)
  2 demonic plants (D:3)
2 creatures vanquished.

Grand Total: 67 creatures vanquished

Notes
Turn   | Place    | Note
-------+----------+-------------------------------------------
     0 | D:1      | mistaj the Demonspawn Fighter began the quest for the Orb.
     0 | D:1      | Reached XP level 1. HP: 18/18 MP: 1/1
    33 | D:1      | Identified a scroll of acquirement
    33 | D:1      | Acquired a +1 vampiric lajatang
    58 | D:1      | Gained mutation: Spells you cast may paralyse adjacent
                  | enemies. [demonic ancestry]
    58 | D:1      | Reached XP level 2. HP: 20/24 MP: 2/2
    85 | D:1      | Reached skill level 1 in Staves
   570 | D:2      | Reached XP level 3. HP: 22/29 MP: 3/3
   789 | D:2      | Found Xexamnid's Weapon Shoppe.
  1066 | D:3      | Acquired a +0 helmet of see invisible
  1104 | D:3      | Reached XP level 4. HP: 37/37 MP: 4/4
  1180 | D:3      | Found a faded altar of an unknown god.
  1243 | D:3      | Found an ornate altar of the Wu Jian Council.
  1731 | D:3      | Reached skill level 4 in Fighting
  1889 | D:3      | Noticed Terence
  1898 | D:3      | Killed Terence
  1899 | D:3      | Gained mutation: You regenerate magic rapidly. [demonic
                  | ancestry]
  1899 | D:3      | Reached XP level 5. HP: 42/42 MP: 5/5
  1976 | D:3      | Found a broken altar of Ashenzari.
  2315 | D:4      | Noticed an ogre
  2321 | D:4      | Slain by an ogre

Illustrated notes

Levels and vault maps discovered:
D:1:      dpeg_arrival_long_road, layout_basic
D:2:      layout_rooms, serial_shops, nicolae_shop_bloodbath_and_beyond
D:3:      layout_loops_corners, lemuel_round_altar,
          mainiacjoe_overflow_alcove_4, shapermc_ecumenical_altar_gd,
          minmay_misc_feat_roman, uniq_terence
D:4:      cheibrodos_old_hovel, layout_basic, kennysheep_mini,
          nicolae_gozag_cash_rules_everything_around_me, zin_statuary,
          uniq_eustachio, uniq_duvessa, uniq_blork_the_orc, uniq_sigmund

Skill      XL: |  1  2  3  4 |
---------------+-------------+-----
Staves         | 1 2 3 |  3.5
Fighting       | 4 |  4.1
Axes           | |  1.8
Armour         | |  2.6
Shields        | |  2.7

Action                     |  1- 3 |  4- 6 || total
---------------------------+-------+-------++-------
  Melee: Lajatang          |   117 |    61 ||   178
         War axe           |     6 |       ||     6
    Use: Scroll            |     2 |       ||     2
 Armour: Scale mail        |    85 |    28 ||   113
  Dodge: Dodged            |    74 |    32 ||   106
  Block: Buckler           |     2 |       ||     2

Table legend: (Time is in decaauts)
 A = Elapsed time spent in this place.
 B = Non-inter-level travel time spent in this place.
 C = Inter-level travel time spent in this place.
 D = Time resting spent in this place.
 E = Time spent auto-exploring this place.
 F = Levels seen in this place.
 G = Mean time per level.
                   A        B        C        D        E       F      G
               +--------+--------+--------+--------+--------+-----+--------+
         Total |   2375 |   2291 |     84 |    135 |   1636 |   4 |  593.8 |
       Dungeon |   2375 |   2291 |     84 |    135 |   1636 |   4 |  593.8 |
               +--------+--------+--------+--------+--------+-----+--------+

Top non-repeatable levels by time:
     D:3: 1232 daAuts
     D:1: 578 daAuts
     D:2: 500 daAuts
     D:4: 63 daAuts
